 Dungeon Crawl Stone Soup version 0.19.1-1-g22dce08 (webtiles) character file.

10796 esteth the Cleaver (level 11, -2/95 HPs)
             Began as a Minotaur Fighter on Jan 2, 2017.
             Was a Priest of Makhleb.
             Slain by a rime drake (3 damage)
             ... on level 2 of the Lair of Beasts.
             The game lasted 00:32:16 (11956 turns).

esteth the Cleaver (Minotaur Fighter)              Turns: 11956, Time: 00:32:17

Health: -2/95      AC: 19    Str: 28    XL:     11   Next: 40%
Magic:  17/17      EV:  7    Int:  5    God:    Makhleb [***...]
Gold:   718        SH:  0    Dex: 14    Spells: 0 memorised, 10 levels left

rFire  . . .     SeeInvis +     A - +2 executioner's axe (chop)
rCold  . . .     Gourm    +     O - +3 plate armour {MR+}
rNeg   . . .     Faith    .     (shield currently unavailable)
rPois  .         Spirit   .     (helmet restricted)
rElec  .         Reflect  .     i - +1 cloak
rCorr  .         Harm     .     (no gloves)
MR     +....                    (no boots)
Stlth  ..........               v - amulet of the gourmand
                                h - ring of see invisible
                                t - +4 ring of dexterity

@: frozen, very slow
A: retaliatory headbutt, horns 2, strong 2
a: Minor Destruction, Lesser Servant of Makhleb, Renounce Religion


You were on level 2 of the Lair of Beasts.
You worshipped Makhleb.
Makhleb was most pleased with you.
You were very full.

You visited 3 branches of the dungeon, and saw 13 of its levels.
You also visited: Bailey.

You collected 718 gold pieces.

Inventory:

Hand Weapons
 a - a +3 war axe
 A - a +2 executioner's axe of chopping (weapon)
Armour
 c - a +0 shield
 i - a +1 cloak (worn)
 p - a +0 buckler
 O - a +3 plate armour of magic resistance (worn)
Jewellery
 h - a ring of see invisible (right hand)
 r - an uncursed ring of magical power
 t - a +4 ring of dexterity (left hand)
 v - an amulet of the gourmand (around neck)
 w - an uncursed ring of fire
 J - an uncursed ring of positive energy
 T - a +5 ring of dexterity
Wands
 b - a wand of confusion (24/48)
 m - a wand of acid (8/15)
 u - a wand of teleportation (6/9)
 z - a wand of enslavement (13/24)
 F - a wand of lightning (4/15)
 P - a wand of disintegration (10/24)
 S - a wand of lightning (9/15)
 U - a wand of flame (33/48)
 W - a wand of polymorph (15/24)
Scrolls
 o - 3 scrolls of teleportation
 q - a scroll of amnesia
 s - 2 scrolls of blinking
 x - 4 scrolls of identify
 y - 4 scrolls of remove curse
 D - 5 scrolls of magic mapping
 E - 5 scrolls of fog
 K - a scroll of recharging
Potions
 d - a potion of might
 e - 2 potions of invisibility
 g - 2 potions of haste
 j - a potion of flight
 l - 6 potions of curing
 B - 2 potions of resistance {unknown}
 G - 3 potions of cure mutation {unknown}
 I - a potion of berserk rage {unknown}
 L - 3 potions of ambrosia
 Q - a potion of lignification {unknown}
 V - 3 potions of degeneration {unknown}
Books
 M - a book of Frost

   Spells                             Type                      Level
   a - Freeze                         Ice                          1
   b - Throw Frost                    Conjuration/Ice              2
   c - Ozocubu's Armour               Charms/Ice                   3
   d - Throw Icicle                   Conjuration/Ice              4
   e - Summon Ice Beast               Ice/Summoning                4
Comestibles
 f - 4 bread rations
 k - 10 meat rations
 n - a royal jelly
 C - a slice of pizza
 H - a beef jerky
 N - 24 fruits


   Skills:
 + Level 8.7 Fighting
 + Level 13.2 Axes
 - Level 9.5 Armour
 - Level 3.6 Shields
 - Level 10.3 Invocations


You had 10 spell levels left.
You didn't know any spells.

Dungeon Overview and Level Annotations

Branches:
Dungeon (10/15)            Temple (1/1) D:6            Lair (2/6) D:8
    Orc (0/2) D:10
  Swamp: Lair:2-4    Shoals: Lair:2-4     Snake: Lair:2-4    Spider: Lair:2-4

Altars:
Ashenzari
Cheibriados
Dithmenos
Elyvilon
Fedhas
Gozag
Hepliaklqana
Makhleb
Nemelex Xobeh
Okawaru
Ru
Sif Muna
Trog
Vehumet
Xom
Yredelemnul
Zin
The Shining One

Shops:
D:4 }   D:5 :

Portals:
Ice
Cave: Lair:2

Annotations:
D:6 3 exclusions


Innate Abilities, Weirdness & Mutations

You reflexively headbutt those who attack you in melee.
You have a pair of horns on your head.
Your muscles are very strong. (Str +4)


Message History

You barely miss the rime drake.
The rime drake is almost dead.
The ice encasing you melts away. The rime drake bites you.
* * * LOW HITPOINT WARNING * * *
The rime drake breathes ice at you. The flash freeze hits you!
* * * LOW HITPOINT WARNING * * *
You are encased in ice.
You feel better.
The rime drake bites you but does no damage.
You barely miss the rime drake.
The rime drake is almost dead.
The ice encasing you melts away. The rime drake breathes ice at you.
The flash freeze hits you!
* * * LOW HITPOINT WARNING * * *
You are encased in ice.
The rime drake bites you.
You die...

.... .... #....##### ....
#.......∩# ..... ..≈.....#
..... ..#≈...#≈.....
#≈#≈[.#...............
#≈#†k................
#.≈@................
###...................
#.....................
###.....................
##.......................
#P.......................
##.............##.........
##..........###.##.........
##......^...##
####.........


You could see a rime drake.

Vanquished Creatures
  A hydra (D:8)
  2 hill giants (D:10)
  Pikel (D:7)
  A manticore (D:9)
  A black mamba (Lair:1)
  A spiny frog (Lair:1)
  A komodo dragon (Lair:1)
  A rime drake (Lair:2)
  A hippogriff (D:9)
  12 yaks
  A water moccasin (Lair:1)
  A porcupine (Lair:1)
  4 phantoms
  4 ice beasts
  6 orc warriors
  A sky beast (D:6)
  A slave (D:7)
  A black bear (D:7)
  8 ogres
  An eye of draining (D:9)
  A centaur (D:6)
  8 bullfrogs
  A big kobold (D:9)
  2 water moccasin zombies
  3 scorpions
  6 killer bees (D:7)
  3 wights (D:9)
  4 crimson imps
  A jelly (D:7)
  A gnoll shaman (D:5)
  4 orc priests
  A bullfrog skeleton (D:4)
  2 quasits
  A centaur skeleton (D:7)
  8 hounds
  3 iguanas
  8 orc wizards
  5 worker ants
  A killer bee zombie (D:6)
  3 hound zombies
  A hound skeleton (D:9)
  7 gnolls (D:5)
  15 adders
  9 river rats
  3 shadow imps
  2 oozes (D:1)
  An adder zombie (D:9)
  3 worms
  2 dart slugs (D:1)
  5 leopard geckos
  47 orcs
  7 giant cockroaches
  7 hobgoblins
  15 jackals
  5 quokkas
  6 ball pythons
  17 bats
  8 frilled lizards
  9 goblins
  14 kobolds
  A leopard gecko skeleton (D:7)
  19 rats
  3 fungi (D:8)
  A plant (D:8)
323 creatures vanquished.

Vanquished Creatures (others)
  3 slaves (D:7)
  An adder (D:7)
  A quokka skeleton (D:7)
  A plant (D:8)
6 creatures vanquished.

Grand Total: 329 creatures vanquished

Notes
Turn   | Place    | Note
-------+----------+-------------------------------------------
     0 | D:1      | esteth the Minotaur Fighter began the quest for the Orb.
     0 | D:1      | Reached XP level 1. HP: 19/19 MP: 0/0
   153 | D:1      | Reached skill level 3 in Axes
   155 | D:1      | Reached XP level 2. HP: 25/26 MP: 1/1
   256 | D:1      | Reached skill level 4 in Axes
   712 | D:1      | Reached XP level 3. HP: 30/31 MP: 2/2
  1262 | D:2      | Reached skill level 5 in Axes
  1284 | D:2      | Reached XP level 4. HP: 27/39 MP: 3/3
  1380 | D:2      | Found a shadowy altar of Dithmenos.
  2216 | D:3      | Reached skill level 6 in Axes
  2497 | D:4      | Noticed an ogre
  2499 | D:4      | Reached XP level 5. HP: 38/45 MP: 4/4
  2795 | D:4      | Reached skill level 5 in Fighting
  2795 | D:4      | Reached XP level 6. HP: 49/56 MP: 5/5
  3384 | D:4      | Found Nanuz's Gadget Emporium.
  3657 | D:4      | Reached XP level 7. HP: 60/66 MP: 6/6
  3690 | D:5      | Entered Level 5 of the Dungeon
  3731 | D:5      | Got a faintly glowing whip
  3756 | D:5      | Reached skill level 7 in Axes
  3950 | D:5      | Reached skill level 8 in Axes
  4477 | D:5      | Found Soykkyg's Book Shop.
  4940 | D:6      | Found a staircase to the Ecumenical Temple.
  4941 | D:6      | Reached skill level 9 in Axes
  4952 | D:6      | Reached XP level 8. HP: 56/73 MP: 7/7
  4988 | Temple   | Entered the Ecumenical Temple
  4992 | Temple   | Became a worshipper of Makhleb the Destroyer
  5050 | D:6      | Reached skill level 10 in Axes
  5250 | D:6      | Reached skill level 11 in Axes
  5335 | D:6      | Found an opulent altar of Gozag.
  5336 | D:6      | Found a glowing silver altar of Zin.
  5727 | D:6      | Reached skill level 12 in Axes
  5925 | D:6      | Reached XP level 9. HP: 53/79 MP: 8/8
  6283 | D:7      | Noticed Pikel
  6294 | D:7      | Killed Pikel
  6372 | D:7      | Reached * piety under Makhleb
  7206 | D:7      | Reached skill level 1 in Invocations
  7709 | D:8      | Reached ** piety under Makhleb
  7710 | D:8      | Reached XP level 10. HP: 76/86 MP: 11/11
  7871 | D:8      | Reached skill level 5 in Invocations
  8059 | D:8      | Found a staircase to the Lair.
  8065 | D:8      | Found a hazy altar of Hepliaklqana.
  8127 | D:8      | Found a flagged portal.
  8136 | Bailey   | Entered a bailey
  8284 | Bailey   | Gained mutation: Your muscles are strong. (Str +2) [potion of mutation]
  8284 | Bailey   | Gained mutation: Your muscles are very strong. (Str +4) [potion of mutation]
  8619 | D:8      | Reached *** piety under Makhleb
  8968 | Lair:1   | Entered Level 1 of the Lair of Beasts
  9060 | Lair:1   | Noticed a seven-headed hydra
  9088 | D:8      | Killed a ten-headed hydra
  9456 | Lair:1   | Noticed a spiny frog
  9463 | Lair:1   | Killed a spiny frog
  9558 | Lair:1   | Noticed a black mamba
  9570 | Lair:1   | Killed a black mamba
 10193 | D:9      | Found a basalt altar of Yredelemnul.
 10502 | D:9      | Noticed a manticore
 10518 | D:9      | Killed a manticore
 10659 | D:9      | Reached XP level 11. HP: 83/92 MP: 17/17
 10664 | D:9      | Reached skill level 10 in Invocations
 10887 | D:10     | Entered Level 10 of the Dungeon
 10894 | D:10     | Identified a scroll of acquirement
 10945 | D:10     | Noticed a hill giant
 10952 | D:10     | Killed a hill giant
 10999 | D:10     | Found a staircase to the Orcish Mines.
 11082 | D:10     | Reached skill level 13 in Axes
 11218 | D:10     | Noticed a hill giant
 11225 | D:10     | Killed a hill giant
 11944 | Lair:2   | Found a frozen archway.
 11956 | Lair:2   | HP: 1/95 [rime drake/flash freeze (27)]
 11956 | Lair:2   | Slain by a rime drake

Skill      XL: |  1  2  3  4  5  6  7  8  9 10 11 |
---------------+----------------------------------+-----
Axes           | 3 4 5 6 9 12 13 | 13.2
Fighting       | 5 7 8 |  8.7
Armour         | 9 |  9.5
Invocations    | 3 9 10 | 10.3
Shields        | |  3.6

Action                   |  1- 3 |  4- 6 |  7- 9 | 10-12 || total
-------------------------+-------+-------+-------+-------++-------
Melee: War axe           |   178 |   159 |   277 |   221 ||   835
       Headbutt          |    10 |    21 |    60 |    59 ||   150
       Executioner's axe |       |       |       |    51 ||    51
Invok: Minor Destruction |       |       |       |     6 ||     6
       Lesser Servant of |       |       |       |     1 ||     1
  Use: Scroll            |     7 |     2 |     8 |     4 ||    21
       Potion            |       |       |     2 |     8 ||    10
  Eat: Chunk             |     2 |     7 |     9 |    17 ||    35
       Meat ration       |       |       |     1 |       ||     1
       Bread ration      |       |       |       |     1 ||     1
Armor: Scale mail        |    70 |    72 |   105 |       ||   247
       Plate armour      |       |       |     3 |   176 ||   179
Dodge: Dodged            |    64 |    68 |   103 |   100 ||   335
Block: Shield            |    89 |    23 |       |       ||   112
       Buckler           |       |    30 |    61 |    52 ||   143
